 Dungeon Crawl Stone Soup version 0.21.1-1-g345015f (webtiles) character file.

33 Sharkov the Cutter (level 3, 0/24 HPs)
             Began as a Halfling Assassin on Mar 30, 2018.
             Succumbed to an adder's poison
             ... on level 2 of the Dungeon.
             The game lasted 00:02:48 (1300 turns).

Sharkov the Cutter (Halfling Assassin)              Turns: 1300, Time: 00:02:48

Health: 0/24       AC:  5    Str: 12    XL:     3   Next: 47%
Magic:  3/3        EV: 14    Int:  9    God:
Gold:   56         SH:  0    Dex: 16    Spells: 2/2 levels left

rFire    . . .     SeeInvis .   a - +3 dagger
rCold    . . .     Gourm    .   (shield restricted)
rNeg     . . .     Faith    .   c - +0 robe
rPois    .         Spirit   .   (no helmet)
rElec    .         Reflect  .   d - +0 cloak
rCorr    .         Harm     .   (no gloves)
MR       .....                  (no boots)
Stlth    +++.......             (no amulet)
HPRegen  0.08/turn              (no ring)
MPRegen  0.08/turn              (no ring)

@: lethally poisoned (0 -> -7)
A: small, yellow scales 1, mutation resistance 1
a: no special abilities


You were on level 2 of the Dungeon.
You were not hungry.

You visited 1 branch of the dungeon, and saw 2 of its levels.

You collected 56 gold pieces.

Inventory:

Hand Weapons
 a - a +3 dagger (weapon)
 b - a +0 blowgun
 h - a +0 hunting sling
Missiles
 e - 8 poisoned needles
 f - 2 curare-tipped needles
 o - 24 stones (quivered)
Armour
 c - a +0 robe (worn)
 d - a +0 cloak (worn)
 j - a cursed -2 chain mail
Jewellery
 i - a cursed ring of teleportation {unknown}
Scrolls
 l - a scroll of blinking {unknown}
 m - a scroll of remove curse
 n - a scroll of fog
 q - a scroll of identify {unknown}
Potions
 k - a potion of mutation
Comestibles
 g - a ration


   Skills:
 - Level 1.7 Fighting
 + Level 4.4 Short Blades
 - Level 2.0 Throwing
 - Level 1.1 Dodging
 - Level 4.3 Stealth


You had 2 spell levels left.
You didn't know any spells.

Dungeon Overview and Level Annotations

Branches:
Dungeon (2/15)

Altars:


Innate Abilities, Weirdness & Mutations

You are small and have problems with some larger weapons.
You are somewhat resistant to further mutation.
You are partially covered in yellow scales. (AC +2)


Message History

As you read the scroll labeled JICVOHI NIJEM, it crumbles to dust.
The scroll dissolves into smoke.
It was a scroll of fog.
You feel sick. The adder bites you.
* * * LOW HITPOINT WARNING * * *
You are more poisoned.
The adder poisons you! The adder misses you.
As you read the scroll labeled PIETEIHYMM, it crumbles to dust.
It is a scroll of enchant weapon.
Your +2 dagger glows red for a moment.
The adder barely misses you.
The frilled lizard hisses.
You closely miss the adder.
The adder is heavily wounded.
* * * LOW HITPOINT WARNING * * *
You feel sick. The adder bites you but does no damage.
You completely miss the adder.
The adder is heavily wounded.
The adder barely misses you.
You hit the adder.
The adder is heavily wounded.
You die...

###### ##.....##
##.......# #.........
..#########$.....>..
#....§§@Sl#.........
#########§..........
#### ###..<...... ...
##......># #.#
####......... #..##
#............ # #..##
#.##......... .##
##..######.##.........
..#
#..........##.........


You could see an adder and a frilled lizard.

Vanquished Creatures
  An adder (D:2)
  A dart slug (D:1)
  A leopard gecko (D:1)
  3 bats
  A goblin (D:2)
  2 hobgoblins (D:1)
  3 jackals (D:2)
  3 kobolds
  2 frilled lizards
  4 rats (D:1)
21 creatures vanquished.

Notes
Turn   | Place    | Note
-------+----------+-------------------------------------------
     0 | D:1      | Sharkov the Halfling Assassin began the quest for the Orb.
     0 | D:1      | Reached XP level 1. HP: 14/14 MP: 1/1
   220 | D:2      | Reached XP level 2. HP: 7/19 MP: 2/2
   999 | D:2      | Reached XP level 3. HP: 20/24 MP: 3/3
  1283 | D:2      | Gained mutation: You are partially covered in yellow scales. (AC +2) [potion of mutation]
  1298 | D:2      | HP: 1/24 [poisoned by an adder]
  1300 | D:2      | Succumbed to an adder's poison

Skill      XL: |  1  2 |
---------------+-------+-----
Short Blades   | 3 4 |  4.4
Fighting       | |  1.7
Throwing       | |  2.0
Dodging        | |  1.1
Stealth        | |  4.3

Action                   || total
-------------------------++-------
Melee: Dagger            ||    73
 Fire: Blowgun           ||     6
       Hunting sling     ||     1
  Use: Potion            ||     3
       Scroll            ||     3
 Stab: Sleeping          ||     2
  Eat: Ration            ||     1
Armor: Robe              ||    21
Dodge: Dodged            ||    87
